Map: Ascension to Aiur LE

Players

ViolentVik - Winner!

  • Race: Zerg Zerg
  • League: Diamond
  • Spawn Location: 11:00

CharlieFirpo

  • Race: Terran Terran
  • League: Platinum
  • Spawn Location: 5:00

VOD

Have the link to the VOD?

Description

Time

  • Played on: Jan. 6, 2018, 9:23 p.m.
  • Length: 16:31
Show
View Real Time Build Order
Export as new Build Order

ViolentVik Zerg - Winner!

Build Orders: Hatch First 

Get SALT Encoding   

  12  0:01  Drone  
  13  0:13  Overlord  
  13  0:18  Drone  
  14  0:32  Drone x2  
  16  0:36  Drone  
  17  0:52  Hatchery  
  17  0:55  Drone  
  17  0:59  Drone  
  18  1:09  Extractor  
  17  1:14  Spawning Pool  
  17  1:17  Drone  
  17  1:21  Drone  
  18  1:30  Drone  
  19  1:40  Overlord  
  19  1:51  Drone  
  20  2:01  Queen  
  20  2:02  Zergling x2  
  20  2:04  Queen  
  20  2:05  Zergling x2  
  26  2:13  Zergling x2  
  27  2:28  Drone  
  27  2:29  Hatchery  
  27  2:38  Metabolic Boost  
  27  2:46  Drone x2  
  27  2:47  Drone x2  
  31  2:55  Overlord  
  31  3:14  Drone  
  31  3:15  Drone x7  
  31  3:16  Drone  
  31  3:19  Drone  
  41  3:30  Drone x2  
  43  3:35  Evolution Chamber  
  43  3:38  Evolution Chamber  
  41  3:41  Overlord  
  38  3:57  Drone x2  
  38  4:01  Baneling Nest  
  38  4:02  Zerg Melee Weapons Level 1  
  39  4:03  Zerg Ground Armor Level 1  
  39  4:16  Zergling x4  
  39  4:17  Zergling x14  
  48  4:23  Queen  
  50  4:34  Extractor  
  50  4:35  Drone  
  50  4:36  Overlord x3  
  49  4:52  Queen  
  47  5:08  Zergling x18  
  56  5:17  Drone  
  57  5:23  Roach Warren  
  57  5:24  Drone x2  
  57  5:25  Drone  
  54  5:55  Baneling  
  54  5:56  Baneling x8  
  53  5:58  Zergling x2  
  53  5:59  Zergling x18  
  53  6:02  Lair  
  63  6:08  Drone x4  
  63  6:09  Drone x5  
  66  6:25  Drone  
  66  6:26  Extractor, Drone  
  66  6:27  Drone x2  
  69  6:34  Overlord  
  69  6:35  Extractor, Overlord  
  69  6:36  Drone x2  
  69  6:37  Drone x3  
  69  6:39  Drone  
  74  6:53  Hatchery  
  73  7:02  Centrifical Hooks  
  69  7:15  Drone x3  
  69  7:21  Spore Crawler  
  63  7:31  Spore Crawler  
  57  7:45  Hydralisk Den  
  57  7:49  Zergling x2  
  57  7:50  Zergling x36  
  66  8:02  Drone x3  
  66  8:03  Roach  
  66  8:04  Roach x2  
  75  8:07  Glial Reconstitution  
  75  8:17  Roach x5  
  78  8:29  Muscular Augments, Hydralisk  
  78  8:30  Hydralisk x4  
  88  8:40  Overlord  
  87  8:56  Drone x9  
  87  8:59  Queen  
  93  9:12  Roach x5  
  93  9:14  Overlord x3  
  93  9:15  Overlord x2  
  103  9:21  Infestation Pit  
  100  9:43  Queen  
  102  9:47  Hydralisk x9  
  102  9:48  Hydralisk x7  
  122  9:58  Baneling  
  122  9:59  Baneling x9  
  122  10:17  Zergling x6  
  122  10:18  Zergling x18  
  94  10:50  Hydralisk  
  94  10:51  Hydralisk x10  
  85  11:18  Drone  
  85  11:19  Drone x21  
  85  11:22  Extractor  
  85  11:24  Extractor  
  85  11:25  Hive  
  104  11:31  Spire  
  103  11:36  Roach  
  103  11:37  Roach x5  
  115  11:57  Extractor x2  
  113  12:07  Roach x11  
  131  12:11  Hatchery  
  123  12:21  Zerg Ground Armor Level 2, Zerg Melee Weapons Level 2  
  123  12:33  Hydralisk  
  123  12:34  Hydralisk x2  
  129  12:41  Hatchery  
  128  12:45  Greater Spire  
  96  13:31  Roach x13  
  96  13:32  Roach x10  
  96  13:33  Roach  
  124  13:52  Drone  
  124  13:53  Drone x11  
  136  14:23  Corruptor x6  
  138  14:27  Overlord  
  148  14:59  Brood Lord x5  
  158  15:02  Brood Lord  
  145  15:27  Drone x3  
  148  15:29  Drone x2  
  148  15:33  Drone x11  
  148  15:34  Drone x3  
  164  15:41  Overlord x2  
  164  15:42  Overlord  
  164  16:09  Ravager  
  164  16:10  Ravager x18  
Show
View Real Time Build Order
Export as new Build Order

CharlieFirpo Terran 

Build Orders: Reaper Expand 

Get SALT Encoding   

  12  0:01  SCV  
  13  0:13  SCV  
  14  0:17  Supply Depot  
  14  0:25  SCV  
  15  0:38  SCV  
  15  0:39  Barracks  
  16  0:45  Refinery  
  16  0:51  SCV  
  17  1:03  SCV  
  18  1:15  SCV  
  19  1:27  Reaper  
  19  1:31  Command Center  
  20  1:34  SCV  
  21  1:46  Orbital Command  
  21  1:50  Refinery  
  21  2:01  Supply Depot  
  21  2:06  Barracks Reactor  
  21  2:11  SCV  
  22  2:24  Factory, SCV  
  23  2:36  SCV  
  24  2:43  Orbital Command  
  24  2:46  Marine x2  
  24  2:48  SCV  
  27  3:00  SCV  
  28  3:06  Supply Depot  
  28  3:10  Starport  
  28  3:12  SCV  
  29  3:15  Hellion  
  29  3:18  Hellion  
  33  3:20  Barracks Reactor  
  33  3:21  SCV  
  34  3:27  SCV  
  35  3:45  SCV x2  
  37  3:57  Hellion x2  
  37  3:59  SCV x2  
  43  4:02  Starport Reactor  
  43  4:11  SCV x2  
  43  4:14  Supply Depot  
  43  4:15  Supply Depot  
  45  4:18  Supply Depot  
  45  4:23  SCV  
  46  4:34  Supply Depot  
  46  4:35  Supply Depot, SCV x2  
  46  4:36  Hellion x2  
  50  4:47  SCV  
  48  4:54  Liberator x2  
  48  4:57  Hellion  
  46  5:11  Factory  
  46  5:13  Armory  
  52  5:15  Factory  
  52  5:17  Armory  
  52  5:19  SCV x2  
  54  5:23  Refinery x2  
  54  5:27  Command Center  
  54  5:41  Hellion x2  
  52  6:02  Hellion x2  
  56  6:27  SCV  
  56  6:28  SCV  
  56  6:29  Hellion x2  
  64  6:33  Factory Tech Lab  
  64  6:34  Terran Vehicle Weapons Level 1, Terran Vehicle And Ship Armor Level 1  
  63  6:40  SCV x2  
  64  6:49  Hellion x2  
  64  6:51  Hellion x2  
  64  6:52  SCV x2  
  74  7:04  SCV, Refinery  
  75  7:08  Factory  
  75  7:09  Supply Depot, Factory, Refinery  
  75  7:10  Hellion x2, Supply Depot  
  75  7:11  Supply Depot  
  75  7:12  Factory, Supply Depot  
  79  7:18  SCV x2  
  79  7:22  Orbital Command  
  81  7:28  Hellion x2  
  81  7:29  Hellion  
  87  7:30  SCV x2  
  87  7:33  Infernal Pre-Igniter  
  65  7:37  Medivac  
  89  7:42  SCV  
  90  7:50  SCV x2  
  90  7:54  SCV  
  88  8:00  Supply Depot x2  
  88  8:02  SCV x2  
  90  8:06  SCV  
  91  8:14  SCV x2  
  87  8:23  SCV  
  87  8:26  SCV x2  
  76  8:27  Supply Depot  
  76  8:30  Hellion x3  
  76  8:31  Hellion, Factory Reactor, Factory Tech Lab  
  76  8:34  Terran Vehicle Weapons Level 2, Terran Vehicle And Ship Armor Level 2  
  84  8:35  SCV  
  84  8:38  Siege Tank  
  88  8:44  Engineering Bay  
  82  8:52  Hellion x4  
  80  9:02  Hellion  
  58  9:10  Siege Tank  
  58  9:13  Hellion x2, Hellbat x2  
  58  9:14  Hellbat x2  
  71  9:23  Siege Tank  
  74  9:42  Siege Tank  
  71  9:46  Factory Tech Lab  
  69  9:54  Orbital Command  
  69  9:55  Siege Tank  
  72  10:00  Hellion x3  
  72  10:01  Hellion x3  
  84  10:08  SCV x2  
  84  10:12  Smart Servos  
  89  10:14  Siege Tank  
  89  10:20  SCV x2  
  91  10:21  Hellion  
  91  10:22  Hellion, Hellbat  
  89  10:32  Siege Tank  
  81  10:36  Siege Tank  
  81  10:46  Siege Tank  
  82  10:53  Hellbat  
  82  10:54  Hellion x2  
  77  11:04  Siege Tank  
  77  11:09  Siege Tank  
  83  11:17  Command Center  
  83  11:20  SCV  
  83  11:22  Hellion x5  
  84  11:32  Terran Vehicle Weapons Level 3  
  84  11:40  Terran Vehicle And Ship Armor Level 3  
  74  12:20  SCV x2  
  74  12:21  Hellbat  
  74  12:22  Hellbat  
  86  12:28  Planetary Fortress, Thor x2  
  86  12:29  Hellbat  
  100  12:32  SCV  
  100  12:35  Hellbat  
  101  12:38  SCV  
  101  12:41  Missile Turret  
  100  12:44  SCV  
  101  12:57  Supply Depot x2  
  101  12:58  Supply Depot  
  101  13:01  SCV  
  101  13:16  Command Center  
  101  13:19  Hellbat, SCV  
  67  13:40  Command Center  
  67  13:41  Hellbat  
  67  13:42  Hellbat x2  
  73  14:00  SCV x2  
  75  14:11  Hellion x2  
  75  14:12  SCV  
  75  14:13  SCV  
  81  14:24  SCV  
  81  14:26  Thor  
  81  14:27  Hellbat  
  90  14:35  SCV  
  90  14:37  SCV  
  92  14:47  SCV  
  92  14:49  SCV  
  92  14:51  Planetary Fortress  
  94  15:09  Thor  
  94  15:10  Hellbat x2  
  104  15:24  Thor  
  104  15:25  Hellbat  
  110  15:37  Refinery  
  110  15:38  Refinery  
  110  15:42  Hellbat  
  112  15:52  Siege Tank  
  115  16:05  Hellbat x2  
Tags
 
Add a new tag
Caveats
  • Supply blocks, unpowered buildings, or Contaminate may cause inaccurate times.
  • Supply counts are checked every 10 seconds.